 Dungeon Crawl Stone Soup version 0.24-a0-584-g9d6b971ae4 (webtiles) character file.

Game seed: 7439663565017505707, levelgen mode: classic

45504 EnegeticOcto the Severer (level 14, -1/178 HPs)
             Began as a Hill Orc Earth Elementalist on Sept 3, 2019.
             Was a High Priest of Hepliaklqana.
             Slain by a spiny frog (14 damage)
             ... on level 6 of the Lair of Beasts on Sept 4, 2019.
             The game lasted 00:43:02 (26347 turns).

EnegeticOcto the Severer (HOEE)                    Turns: 26347, Time: 00:43:02

Health: -1/178     AC: 27    Str: 19    XL:     14   Next: 33%
Magic:  23/23      EV:  2    Int: 17    God:    Hepliaklqana [*****.]
Gold:   1037       SH:  0    Dex: 11    Spells: 15/16 levels left

rFire    . . .     SeeInvis .   b - +2 demon trident (elec)
rCold    . . .     Gourm    .   (no shield)
rNeg     + + +     Faith    .   (armour currently unavailable)
rPois    +         Spirit   .   (helmet currently unavailable)
rElec    .         Reflect  .   (cloak currently unavailable)
rCorr    .         Harm     .   (gloves currently unavailable)
MR       +....     Rnd*Rage +   (boots currently unavailable) Stlth ++........NoTele +
                                B - macabre finger necklace {rN+}
HPRegen  0.39/turn              r - +3 ring of strength
MPRegen  0.18/turn              J - ring of poison resistance
                                (no ring)

@: tree-form, berserk cooldown, slowed, very slow
A: reduced essence, berserk 1, clever 1
a: Recall Ancestor, Ancestor Identity, Transference, Idealise, Renounce Religion


You were on level 6 of the Lair of Beasts.
You worshipped Hepliaklqana.
Hepliaklqana was extremely pleased with you.
You were not hungry.
You were a tree.
You visited 3 branches of the dungeon, and saw 17 of its levels.

You collected 1697 gold pieces.
You spent 660 gold pieces at shops.

Inventory:

Hand Weapons
 a - a +1 war axe of flaming
 b - a +2 demon trident of electrocution (weapon)
 u - a +0 glaive
 I - a +1 longbow of flaming
Missiles
 i - 96 poisoned darts (quivered)
 m - 173 stones
 z - 227 arrows
Armour
 g - a +3 scale mail of fire resistance
 k - a +2 helmet of intelligence (melded)
 n - a +1 pair of gloves (melded)
 v - a +1 leather armour of cold resistance
 D - a +0 pair of boots (melded)
 K - a +0 plate armour (melded)
Jewellery
 d - an uncursed ring of fire
 r - a +3 ring of strength (left branch)
 y - an uncursed ring of ice
 B - the macabre finger necklace (around neck) {rN+}
   (You bought it in a shop on level 8 of the Dungeon)

   [amulet of nothing]

   It protects you from negative energy.
 J - a ring of poison resistance (right branch)
Wands
 w - a wand of digging (12)
 A - a wand of flame (55)
 C - a wand of clouds (7)
 N - a wand of scattershot (4)
 O - a wand of paralysis (11)
 R - a wand of enslavement (7)
Scrolls
 c - 6 scrolls of remove curse {@r2}
 f - a scroll of amnesia
 h - 2 scrolls of teleportation {@r3 !r}
 j - 2 scrolls of fog {!r}
 q - 3 scrolls of enchant armour
 G - a scroll of blinking {@r4}
 L - 4 scrolls of brand weapon
 Q - 3 scrolls of identify {@r1}
Potions
 l - 3 potions of invisibility
 o - 3 potions of magic
 p - 3 potions of mutation
 t - 2 potions of resistance
 x - 2 potions of berserk rage
 E - 4 potions of brilliance
 F - 2 potions of lignification {@q6}
 H - a potion of might {@q3 !q}
 M - 2 potions of flight
 P - 2 potions of curing {@q1 !q}
Miscellaneous
 s - a fan of gales
Comestibles
 e - 17 rations
 S - 6 chunks of flesh


   Skills:
 + Level 14.4 Fighting
 - Level 15.9(16.3) Axes
 + Level 5.1(10.4) Polearms
 - Level 10.0 Armour
 + Level 8.3 Dodging
 - Level 1.5 Stealth
 - Level 1.5 Spellcasting
   Level 0.6 Transmutations
 - Level 3.0 Earth Magic
 - Level 12.0 Invocations


You had 15 spell levels left.
You knew the following spells:

 Your Spells              Type           Power        Failure   Level  Hunger
a - Sandblast             Erth           ##....       6%          1    ##.....

Your spell library contained the following spells:

 Spells                   Type           Power        Failure   Level  Hunger
 Passwall                 Tmut/Erth      #.......     14%         2    ###....
 Beastly Appendage        Tmut           #.....       16%         1    ##.....
 Corona                   Hex            #......      21%         1    ##.....
 Summon Small Mammal      Summ           #...         21%         1    ##.....
 Sticks to Snakes         Tmut           #.......     24%         2    ###....
 Call Imp                 Summ           #.......     30%         2    ###....
 Ensorcelled Hibernation  Hex/Ice        #.....       30%         2    ###....
 Throw Flame              Conj/Fire      #.....       30%         2    ###....
 Stone Arrow              Conj/Erth      #.....       32%         3    ####...
 Spider Form              Tmut/Pois      #.........   47%         3    ####...
 Ignite Poison            Fire/Tmut/Pois #.......     50%         3    ####...
 Call Canine Familiar     Summ           #.......     52%         3    ####...
 Confuse                  Hex            #.......     52%         3    ####...
 Dazzling Spray           Conj/Hex       #.....       52%         3    ####...
 Summon Guardian Golem    Hex/Summ       #.......     52%         3    ####...
 Tukima's Dance           Hex            #.......     52%         3    ####...
 Petrify                  Tmut/Erth      #.......     67%         4    #####..
 Lee's Rapid Deconstruct  Erth           ##........   86%         5    ######.
 Ice Form                 Ice/Tmut       #.......     87%         4    #####..
 Sticky Flame             Conj/Fire      #.......     90%         4    #####..
 Summon Ice Beast         Ice/Summ       #.......     90%         4    #####..
 Summon Lightning Spire   Summ/Air       #.......     90%         4    #####..
 Alistair's Intoxication  Tmut/Pois      #.......     99%         5    ######.
 Blade Hands              Tmut           #.........   99%         5    ######.
 Venom Bolt               Conj/Pois      #.........   99%         5    ######.


Dungeon Overview and Level Annotations

Branches:
Dungeon (10/15)            Temple (1/1) D:6            Lair (6/6) D:9
  Swamp (0/4) Lair:4        Snake (0/4) Lair:2        Slime (0/5) Lair:6
    Orc (0/2) D:9

Altars:
Ashenzari
Cheibriados
Dithmenos
Elyvilon
Fedhas
Gozag
Hepliaklqana
Kikubaaqudgha
Makhleb
Nemelex Xobeh
Okawaru
Qazlal
Ru
Sif Muna
Trog
Uskayaw
Vehumet
Wu Jian
Xom
Yredelemnul
Zin
The Shining One
Jiyva

Shops:
D:8 =   D:10 :

Annotations:
Lair:3 exclusion: oklob plant


Innate Abilities, Weirdness & Mutations

Your life essence is reduced to manifest your ancestor. (-10% HP)
You tend to lose your temper in combat.
Your mind is acute. (Int +2)


Message History

The manticore barely misses you. x3
The death yak gores you but does no damage.
The spiny frog stings you.
You are poisoned.
The spiny frog poisons you!
You impale the death yak!!
Lightning courses through the death yak!
The death yak is severely wounded.
You feel sick. The manticore bites you!
The manticore claws you but does no damage. x2
The spiny frog stings you but does no damage.
The death yak gores you but does no damage.
You puncture the death yak!
Lightning courses through the death yak!
You kill the death yak!
Your base Polearms skill increases to level 5!
You feel sick.
The spiny frog stings you but does no damage.
The manticore closely misses you. x2
The manticore claws you but does no damage.
The torpor snail barely misses you.
You barely miss the torpor snail.
You feel sick. The spiny frog stings you!
* * * LOW HITPOINT WARNING * * *
The manticore bites you but does no damage.
The manticore completely misses you. The manticore barely misses you.
You puncture the torpor snail!
The torpor snail is lightly wounded.
You feel sick.
The torpor snail bites you but does no damage.
The spiny frog stings you but does no damage.
You puncture the torpor snail!
Lightning courses through the torpor snail!
The torpor snail is heavily wounded.
The manticore bites you but does no damage.
The manticore claws you but does no damage. x2
You hit the torpor snail.
Lightning courses through the torpor snail!!
The torpor snail is almost dead.
You feel sick. The spiny frog barely misses you. The torpor snail bites you!
* * * LOW HITPOINT WARNING * * *
The manticore bites you!
* * * LOW HITPOINT WARNING * * *
The manticore claws you but does no damage.
The manticore claws you.
* * * LOW HITPOINT WARNING * * *
You puncture the torpor snail!
You kill the torpor snail!
You feel yourself speed up.
You feel sick.
The spiny frog stings you but does no damage.
The manticore barely misses you.
The manticore claws you but does no damage. x2
You hit the manticore but do no damage.
Lightning courses through the manticore!
The manticore is moderately wounded.
You feel sick.
The spiny frog stings you but does no damage.
You closely miss the manticore.
The manticore is moderately wounded.
The spiny frog stings you.
* * * LOW HITPOINT WARNING * * *
The manticore barely misses you.
The manticore claws you but does no damage. x2
You puncture the manticore!
Lightning courses through the manticore!
You kill the manticore!
You feel sick.
You puncture the spiny frog!
The spiny frog is moderately wounded.
You are no longer berserk.
You are exhausted.
You feel yourself slow down. The spiny frog stings you!
* * * LOW HITPOINT WARNING * * *
You are lethally poisoned!
The spiny frog poisons you!
You hit the spiny frog.
The spiny frog is heavily wounded.
* * * LOW HITPOINT WARNING * * *
You feel very sick.
The spiny frog stings you but does no damage.
The spiny frog barely misses you.
Really quaff the potion of lignification?
You turn into a tree.
Your +2 helmet of intelligence melds into your body.
Your +1 pair of gloves melds into your body.
Your +0 pair of boots melds into your body.
Your +0 plate armour melds into your body.
You feel stupid.
Your roots penetrate the ground.
* * * LOW HITPOINT WARNING * * *
You feel very sick.
The spiny frog stings you but does no damage.
Really quaff
P - 3 potions of curing {@q1 !q}?
You feel better. The spiny frog stings you.
* * * LOW HITPOINT WARNING * * *
The spiny frog stings you but does no damage.
You barely miss the spiny frog.
The spiny frog is heavily wounded.
The spiny frog stings you!
You die...

###.......###....#.....## #.....#
P##...÷....##P.....#....# ##....#
.##...<....##..#.###...## #.....
.##.......##...#...##### ##....#
###.......##P..#...# #......
##[........#.......# #....##
####.......##..##### #.....#
#P#.......###....†.# #......
..........# #...♣..#... #......
..........#####.F....... ##......
............###...#.#..# #.......
.............##.......####.......
.##..........##..#P#.###.........
###...........###### ##.........#
................######..........#
.#..............................#
#.#..............................


You could see a spiny frog.

Vanquished Creatures
  Rupert (Lair:5)
  Nessos (Lair:6)
  3 hydras
  An ice dragon (Lair:6)
  A two-headed ogre (D:10)
  4 death yaks (Lair:6)
  A lindwurm (Lair:6)
  A manticore (Lair:6)
  2 black mambas
  Psyche (D:9)
  5 elephants
  A torpor snail (Lair:6)
  11 spiny frogs
  2 komodo dragons
  A rime drake (Lair:4)
  Grinder (D:5)
  2 polar bears
  A slime creature (D:9)
  3 hippogriffs
  A bog body (Lair:4)
  A blink frog (Lair:6)
  A dream sheep (Lair:6)
  3 wraiths
  21 yaks
  Eustachio (D:5)
  A hungry ghost (D:7)
  2 basilisks
  Edmund (D:4)
  7 water moccasins
  8 orc warriors
  5 porcupines
  An ice beast (D:10)
  3 ogres
  2 sky beasts
  A necrophage (D:8)
  A phantom (D:9)
  11 wolves
  4 centaurs
  A crocodile (Lair:1)
  A big kobold (D:10)
  10 bullfrogs
  3 scorpions
  7 killer bees (D:8)
  An electric eel (Lair:1)
  2 howler monkeys
  3 crimson imps
  A bullfrog zombie (D:9)
  A centaur zombie (D:9)
  2 hounds
  14 orc wizards
  2 bullfrog skeletons
  7 orc priests
  3 centaur skeletons
  A jelly (D:7)
  Ijyb (D:5)
  A hell rat (Lair:6)
  6 worker ants
  2 hound skeletons
  A worker ant zombie (D:10)
  Robin (D:2)
  7 gnolls
  6 adders
  A shadow imp (D:5)
  A white imp (Lair:5)
  3 oozes
  4 worms
  2 dart slugs (D:1)
  7 leopard geckos
  52 orcs
  7 bats
  4 giant cockroaches
  9 goblins
  13 hobgoblins
  6 jackals
  14 kobolds
  4 quokkas
  5 frilled lizards
  2 leopard gecko skeletons
  6 rats
  3 fungi
  A plant (Lair:3)
  4 toadstools (D:1)
350 creatures vanquished.

Vanquished Creatures (collateral kills)
  Josephine (Lair:6)
  A hydra (Lair:4)
  A catoblepas (Lair:6)
  A two-headed ogre (D:10)
  Erica (Lair:2)
  A death yak (Lair:6)
  Urug (Lair:6)
  An unseen horror (D:10)
  3 elephants
  A manticore (Lair:6)
  A black mamba (Lair:6)
  A guardian serpent (Lair:2)
  8 spiny frogs
  3 rime drakes
  2 komodo dragons
  2 polar bears
  2 bog bodies (Lair:4)
  5 hippogriffs
  2 dream sheep (Lair:6)
  2 blink frogs (Lair:6)
  A wraith (Lair:5)
  2 wyverns
  5 yaks
  2 basilisks
  A steam dragon (D:10)
  2 swamp worms (Lair:4)
  A water moccasin (D:10)
  A porcupine (Lair:4)
  An orc warrior (D:9)
  A sky beast (D:10)
  A black bear (Lair:1)
  2 ogres
  A centaur (D:10)
  4 wolves
  2 crocodiles
  A bullfrog (D:9)
  2 scorpions
  An electric eel (Lair:4)
  2 crimson imps
  An orc priest (D:10)
  A worker ant (D:6)
  A worker ant zombie (D:8)
  A shadow imp (D:8)
  2 white imps (Lair:6)
  An adder skeleton (D:8)
  4 orcs
  2 fungi (Lair:6)
86 creatures vanquished.

Vanquished Creatures (others)
  9 battlemagi
  An ancestor (D:6)
  9 fungi (Lair:6)
  3 plants
22 creatures vanquished.

Grand Total: 458 creatures vanquished

Notes
Turn   | Place    | Note
-------+----------+-------------------------------------------
     0 | D:1      | EnegeticOcto the Hill Orc Earth Elementalist began the
                  | quest for the Orb.
     0 | D:1      | Reached XP level 1. HP: 14/14 MP: 3/3
   230 | D:1      | Reached skill level 1 in Fighting
   305 | D:1      | Reached XP level 2. HP: 24/24 MP: 2/4
  1056 | D:2      | Reached XP level 3. HP: 31/31 MP: 1/5
  1144 | D:2      | Noticed Robin
  1326 | D:2      | Found a white marble altar of Elyvilon.
  1334 | D:2      | Became a worshipper of Elyvilon the Healer
  1732 | D:2      | Killed Robin
  1732 | D:2      | Reached skill level 1 in Polearms
  1732 | D:2      | Reached XP level 4. HP: 40/40 MP: 6/6
  1857 | D:2      | Reached skill level 1 in Invocations
  2552 | D:3      | Reached skill level 1 in Axes
  2556 | D:3      | Reached * piety under Elyvilon
  2685 | D:3      | Reached XP level 5. HP: 47/47 MP: 7/7
  2710 | D:3      | Reached skill level 2 in Axes
  2933 | D:3      | Found an ancient bone altar of Kikubaaqudgha.
  2935 | D:3      | Found a blossoming altar of Fedhas.
  3009 | D:3      | Reached skill level 5 in Fighting
  3009 | D:3      | Reached XP level 6. HP: 56/56 MP: 6/8
  3091 | D:3      | Reached skill level 3 in Axes
  3413 | D:3      | Found an opulent altar of Gozag.
  3655 | D:3      | Found a shattered altar of Ashenzari.
  4493 | D:4      | Reached skill level 4 in Axes
  5024 | D:4      | Reached ** piety under Elyvilon
  5106 | D:4      | Reached XP level 7. HP: 48/63 MP: 5/9
  5221 | D:4      | Found an iron altar of Okawaru.
  5584 | D:4      | Reached skill level 5 in Axes
  5667 | D:4      | Found a glowing golden altar of the Shining One.
  5803 | D:4      | Got a scorched hunting sling
  5804 | D:4      | Identified the +6 hunting sling of the Harvest {flame,
                  | *Drain rPois rF+} (You found it on level 4 of the Dungeon)
  6016 | D:5      | Entered Level 5 of the Dungeon
  6019 | D:5      | Noticed Ijyb
  6047 | D:5      | Killed Ijyb
  6080 | D:5      | Noticed Edmund
  6148 | D:4      | Killed Edmund
  6396 | D:5      | Reached skill level 6 in Axes
  6679 | D:5      | Reached XP level 8. HP: 69/73 MP: 11/11
  6810 | D:5      | Noticed Grinder
  6895 | D:6      | Gained mutation: You tend to lose your temper in combat.
                  | [potion of mutation]
  6895 | D:6      | Gained mutation: Your mind is acute. (Int +2) [potion of
                  | mutation]
  6895 | D:6      | HP: 2/73 [ogre/+0 giant club (11)]
  7271 | D:5      | Reached skill level 5 in Invocations
  7664 | D:6      | Reached skill level 7 in Axes
  8154 | D:6      | Found a staircase to the Ecumenical Temple.
  8161 | Temple   | Entered the Ecumenical Temple
  8218 | Temple   | Fell from the grace of Elyvilon
  8218 | Temple   | Became a worshipper of Hepliaklqana the Forgotten
  8651 | D:6      | Reached skill level 1 in Armour
  9097 | D:6      | Reached skill level 8 in Axes
  9865 | D:5      | Found a glowing silver altar of Zin.
  9923 | D:5      | Reached XP level 9. HP: 63/73 MP: 12/12
  9986 | D:5      | Noticed Eustachio
 10013 | D:5      | Killed Eustachio
 10270 | D:5      | Paralysed by Grinder for 6 turns
 10293 | D:5      | Killed Grinder
 10293 | D:5      | Reached skill level 9 in Axes
 10505 | D:7      | Reached * piety under Hepliaklqana
 10588 | D:7      | Found a sparkling altar of Nemelex Xobeh.
 11336 | D:8      | Found Hixzuqes's Jewellery Shoppe.
 11349 | D:8      | Reached skill level 10 in Fighting
 11360 | D:8      | Bought the macabre finger necklace {rN+} for 440 gold
                  | pieces
 11360 | D:8      | Found the macabre finger necklace {rN+}
 11394 | D:8      | Reached ** piety under Hepliaklqana
 11395 | D:8      | Remembered your ancestor Edmée as a battlemage
 11399 | D:8      | Reached skill level 10 in Axes
 12063 | D:8      | Reached skill level 11 in Axes
 12069 | D:8      | Reached XP level 10. HP: 66/83 MP: 13/13
 12305 | D:8      | Reached skill level 5 in Armour
 12404 | D:8      | Found a bloodstained altar of Trog.
 12407 | D:8      | Found a radiant altar of Vehumet.
 12410 | D:8      | Found an ornate altar of the Wu Jian Council.
 12565 | D:9      | Noticed Psyche
 12578 | D:9      | Killed Psyche
 12686 | D:9      | Reached skill level 12 in Axes
 12951 | D:9      | Noticed an eight-headed hydra
 12971 | D:9      | Killed a one-headed hydra
 12971 | D:9      | Reached skill level 13 in Axes
 13449 | D:9      | Identified the Incunabulum of Cankerous Flames
 13455 | D:9      | Found a snail-covered altar of Cheibriados.
 13607 | D:9      | Found a staircase to the Orcish Mines.
 13690 | D:9      | Found a hide-covered altar of Uskayaw.
 13690 | D:9      | Noticed a +0 hand axe
 13691 | D:9      | Noticed a +0 dagger
 13796 | D:9      | Found a staircase to the Lair.
 13878 | D:9      | Found a stormy altar of Qazlal.
 14169 | D:10     | Entered Level 10 of the Dungeon
 14182 | D:10     | Killed an unseen horror
 14182 | D:10     | Reached skill level 14 in Axes
 14182 | D:10     | Reached XP level 11. HP: 89/89 MP: 14/14
 14468 | D:10     | Found Wemej's Book Boutique.
 14992 | D:10     | Reached *** piety under Hepliaklqana
 15091 | D:10     | Noticed a two-headed ogre
 15103 | D:10     | Killed a two-headed ogre
 15458 | D:10     | Noticed a two-headed ogre
 15480 | D:10     | Killed a two-headed ogre
 15606 | D:8      | Bought an uncursed ring of poison resistance for 220 gold
                  | pieces
 15658 | Lair:1   | Entered Level 1 of the Lair of Beasts
 16684 | Lair:1   | Reached XP level 12. HP: 91/99 MP: 17/17
 16997 | Lair:2   | Reached skill level 15 in Axes
 17015 | Lair:2   | Reached **** piety under Hepliaklqana
 17147 | Lair:2   | Noticed Erica
 17152 | Lair:2   | Killed Erica
 17216 | Lair:2   | Found a staircase to the Snake Pit.
 17546 | Lair:2   | Noticed an eight-headed hydra
 17560 | Lair:2   | Killed a four-headed hydra
 18160 | Lair:3   | Reached skill level 5 in Dodging
 18542 | Lair:3   | You fall into a shaft and drop 1 floor!
 18550 | Lair:4   | Reached skill level 10 in Armour
 18821 | Lair:4   | Noticed a six-headed hydra
 18831 | Lair:4   | Killed a four-headed hydra
 19198 | Lair:4   | Reached ***** piety under Hepliaklqana
 19220 | Lair:4   | Reached XP level 13. HP: 104/106 MP: 20/20
 19733 | Lair:4   | Reached skill level 10 in Invocations
 19874 | Lair:4   | Found a staircase to the Swamp.
 20211 | Lair:3   | You fall into a shaft and drop 1 floor!
 21096 | Lair:5   | Noticed Rupert
 21116 | Lair:5   | Killed Rupert
 22676 | Lair:6   | Entered Level 6 of the Lair of Beasts
 22754 | Lair:6   | Found a viscous altar of Jiyva.
 22754 | Lair:6   | Found a staircase to the Slime Pits.
 22967 | Lair:6   | Noticed Nessos
 22981 | Lair:6   | Killed Nessos
 23664 | Lair:6   | Noticed Urug
 23665 | Lair:6   | Noticed Josephine
 23853 | Lair:6   | Killed Urug
 23861 | Lair:6   | Killed Josephine
 24824 | Lair:6   | Noticed an ice dragon
 24833 | Lair:6   | Killed an ice dragon
 25009 | Lair:6   | Reached XP level 14. HP: 114/117 MP: 23/23
 26334 | Lair:6   | Reached skill level 5 in Polearms
 26345 | Lair:6   | HP: 8/178 [poisoned by a spiny frog]
 26347 | Lair:6   | Slain by a spiny frog

Levels and vault maps discovered:
D:1:      ldierk_water_garden, layout_loops_cross
D:2:      layout_loops_ring, elyvilon_altar_3, uniq_robin
D:3:      layout_basic, grunt_temple_overflow_growth_and_decay,
          ashenzari_altar_1, old_standard_altar, chequers_big_river
D:4:      layout_basic, nicolae_tso_swordbearing_angel, old_standard_altar,
          first_ration
D:5:      layout_basic, zin_treasury, grunt_ministairs_8, uniq_edmund,
          uniq_grinder, uniq_ijyb, uniq_eustachio
D:6:      layout_cave_pools, minmay_temple_entry_tees
D:7:      layout_basic, kennysheep_mini_moat
D:8:      layout_basic, grunt_temple_overflow_diamond, serial_shops,
          nicolae_shop_competitors_out_of_business
D:9:      minmay_curly_fans, layout_basic, dancing_weapons_uskayaw,
          nicolae_qazlal_eye_of_the_storm, lair_entry_dummy, hiddenorc1_lemuel,
          basic_altar, uniq_psyche
D:10:     layout_gridville, serial_shops, shop_fountains,
          minmay_increasing_density
Temple:   compressed_dpeg_triangle_lava_temple
Lair:1:   layout_misc_corridors, gammafunk_lair_bear_cave
Lair:2:   layout_regular_city, minmay_snake_entry_spellcaster,
          beast_lair_carwin_10, uniq_erica
Lair:3:   wad_woods_04, layout_regular_city, minmay_lair_oklob_bushes,
          hangedman_lair_unloving_vines, grunt_megastairs_4
Lair:4:   layout_gridlike, nicolae_swamp_entry_splash_gauntlet, minivault_19,
          lemuel_old_faithful
Lair:5:   layout_layer_cave, uniq_rupert
Lair:6:   hangedman_lair_in_review, layout_regular_city,
          dpeg_slime_entry_enclosed_altar, bobbens_ice_dragon_lair, uniq_nessos,
          uniq_josephine, uniq_urug

Skill      XL: |  1  2  3  4  5  6  7  8  9 10 11 12 13 14 |
---------------+-------------------------------------------+-----
Fighting       | 2 3 4 5 6 7 8 10 11 12 13 14 | 14.4
Polearms       | 1 3 5 |  5.1
Invocations    | 1 2 3 4 5 7 9 12 | 12.0
Axes           | 1 2 4 6 8 11 14 15 | 15.9
Armour         | 2 4 7 9 10 | 10.0
Dodging        | 3 5 7 8 |  8.3
Stealth        | |  1.5
Spellcasting   | |  1.5
Transmutations | |  0.6
Earth Magic    | |  3.0

Action                   |  1- 3 |  4- 6 |  7- 9 | 10-12 | 13-15 || total
-------------------------+-------+-------+-------+-------+-------++-------
Melee: Unarmed           |    13 |       |       |       |       ||    13
       Dagger            |     5 |       |       |       |       ||     5
       Trident           |    58 |   222 |    29 |       |       ||   309
       Quarterstaff      |       |       |    41 |       |       ||    41
       War axe           |       |       |   284 |   435 |   206 ||   925
       Halberd           |       |       |     2 |       |       ||     2
       Demon trident     |       |       |       |       |   131 ||   131
Throw: Dart              |     7 |    24 |    68 |     9 |       ||   108
       Throwing net      |       |       |     1 |     1 |       ||     2
 Cast: Sandblast         |    28 |    21 |     3 |       |       ||    52
Invok: Lesser Healing    |       |       |    17 |       |       ||    17
       Ancestor Life: Ba |       |       |     1 |       |       ||     1
       Recall Ancestor   |       |       |       |     2 |     3 ||     5
       Idealise          |       |       |       |       |     6 ||     6
Evoke: Wand              |       |       |       |    10 |     2 ||    12
  Use: Scroll            |       |       |    12 |    10 |     5 ||    27
       Potion            |       |       |     8 |     3 |     5 ||    16
 Stab: Sleeping          |       |     2 |       |       |       ||     2
       Distracted        |       |     1 |     1 |     8 |     2 ||    12
       Paralysed         |       |       |       |       |     3 ||     3
       Petrified         |       |       |       |       |     2 ||     2
  Eat: Chunk             |     3 |    11 |    14 |    21 |    13 ||    62
       Ration            |       |       |     5 |       |     3 ||     8
Armor: Robe              |     8 |       |       |       |       ||     8
       Ring mail         |    15 |   115 |    95 |       |       ||   225
       Chain mail        |       |       |    66 |       |       ||    66
       Plate armour      |       |       |    85 |   314 |   225 ||   624
       Skin              |       |       |       |    28 |     2 ||    30
Dodge: Dodged            |    37 |   145 |   206 |   169 |   126 ||   683

Table legend:
 A = Non-vault XP
 B = Vault XP
 C = Vault XP percentage of total XP
 D = Non-vault monster count
 E = Vault monster count
 F = Vault count percentage of total count
                 A         B        C        D         E       F
            +---------+---------+-------+---------+---------+-------
      Total |   35891 |   29116 |  44.8 |     324 |     102 |  23.9
            +---------+---------+-------+---------+---------+-------
        D:1 |      25 |       0 |   0.0 |      13 |       0 |   0.0
        D:2 |      57 |      33 |  36.7 |      24 |      11 |  31.4
        D:3 |     295 |       0 |   0.0 |      32 |       0 |   0.0
        D:4 |     434 |     167 |  27.8 |      13 |       2 |  13.3
        D:5 |     240 |     790 |  76.7 |       9 |       6 |  40.0
        D:6 |     799 |       0 |   0.0 |      23 |       0 |   0.0
        D:7 |     418 |       0 |   0.0 |      14 |       0 |   0.0
        D:8 |    1911 |       0 |   0.0 |      35 |       0 |   0.0
        D:9 |    1296 |    2097 |  61.8 |      30 |      22 |  42.3
       D:10 |    4125 |    1239 |  23.1 |      31 |       6 |  16.2
     Temple |      44 |       0 |   0.0 |       2 |       0 |   0.0
     Lair:1 |    4288 |     746 |  14.8 |      22 |       4 |  15.4
     Lair:2 |    3474 |    4410 |  55.9 |      11 |      11 |  50.0
     Lair:3 |    1835 |     587 |  24.2 |       8 |       2 |  20.0
     Lair:4 |    3794 |    1175 |  23.6 |      15 |       6 |  28.6
     Lair:5 |    5446 |    3743 |  40.7 |      20 |       5 |  20.0
     Lair:6 |    7410 |   14129 |  65.6 |      22 |      27 |  55.1
            +---------+---------+-------+---------+---------+-------
